[Event "ICC tourney 2069 (15 5)"]
[Site "Internet Chess Club"]
[Date "2020.10.18"]
[Round "5"]
[White "WCCJCM"]
[Black "rjc64uk"]
[Result "0-1"]
[ICCResult "White resigns"]
[WhiteElo "1601"]
[BlackElo "2070"]
[Opening "Sicilian: Nimzovich-Rubinstein; Rubinstein counter-gambit"]
[ECO "B29"]
[NIC "SI.43"]
[Time "16:04:24"]
[TimeControl "900+5"]

1. e4 c5 2. Nf3 Nf6 3. e5 Nd5 4. Nc3 e6 5. Nxd5 exd5 6. d4 Nc6 7. dxc5 Bxc5
8. Qxd5 d6 9. exd6 Qb6 10. Qe4+ Be6 11. d7+ Kxd7 12. Be3 Bxe3 13. fxe3 Qxb2
14. Rd1+ Kc8 15. Nd4 Nxd4 16. Rxd4 Qxa2 17. Kf2 Rd8 18. Rxd8+ Kxd8 19. Bd3
Qb2 20. Rd1 Ke7 21. Qh4+ Qf6+ 22. Qxf6+ Kxf6 23. Rb1 b6 24. Ra1 Ke5 25. Be2
a5 26. Bf3 Rc8 27. Bd1 Bf5 28. Ra2 g5 29. g4 Be4 30. Rb2 Rc6 31. Bf3 Rxc2+
32. Rxc2 Bxc2 33. Be2 a4 34. Bc4 Bb3 35. Bxb3 axb3 36. Ke2 b2 37. Kd2 b1=Q
{White resigns}
0-1

[Event "ICC tourney 2069 (15 5)"]
[Site "Internet Chess Club"]
[Date "2020.10.18"]
[Round "5"]
[White "guineapig25"]
[Black "skyler-kelly"]
[Result "1-0"]
[ICCResult "Black forfeits on time"]
[WhiteElo "2013"]
[BlackElo "1492"]
[Opening "Sicilian: Najdorf, Opocensky variation"]
[ECO "B92"]
[NIC "SI.10"]
[Time "16:02:45"]
[TimeControl "900+5"]

1. e4 c5 2. Nf3 d6 3. d4 cxd4 4. Nxd4 Nf6 5. Nc3 a6 6. Be2 e5 7. Nb3 Be6 8.
O-O Be7 9. f4 Qb6+ 10. Kh1 exf4 11. Bxf4 Nbd7 12. Qe1 Ne5 13. Qg3 Ng6 14.
Be3 Qc7 15. Nd4 Bc4 16. Rae1 Bxe2 17. Rxe2 O-O-O 18. Bg5 Qc5 19. Nf5 Qe5 20.
Qd3 Ng4 21. Nxe7+ Nxe7 22. Bf4 Qc5 23. Nd5 Ng6 24. Bg3 f6 25. b4 Qb5 26. c4
Qc6 27. h3 N4e5 28. Bxe5 dxe5 29. b5 Qc5 30. bxa6 {Black forfeits on time}
1-0

[Event "ICC tourney 2069 (15 5)"]
[Site "Internet Chess Club"]
[Date "2020.10.18"]
[Round "5"]
[White "SenileOyster"]
[Black "challenger2010"]
[Result "1/2-1/2"]
[ICCResult "Game drawn because neither player has mating material"]
[WhiteElo "1773"]
[BlackElo "2126"]
[Opening "King's Indian: East Indian defense"]
[ECO "A48"]
[NIC "QP.06"]
[Time "16:02:38"]
[TimeControl "900+5"]

1. d4 Nf6 2. Nf3 g6 3. e3 Bg7 4. Bd3 O-O 5. O-O c5 6. b3 cxd4 7. exd4 d5 8.
Bb2 Nc6 9. a3 Bg4 10. Nbd2 Bxf3 11. Nxf3 e6 12. Re1 Nd7 13. Ne5 Ndxe5 14.
dxe5 Qc7 15. Qe2 Qb6 16. Qe3 Qxe3 17. Rxe3 d4 18. Re4 Bxe5 19. Bb5 f5 20.
Ree1 Bf6 21. Rxe6 Rae8 22. Rae1 Rxe6 23. Rxe6 a6 24. Bc4 Kg7 25. Rd6 Re8 26.
Kf1 Re7 27. Bxa6 Be5 28. Bxb7 Bxd6 29. Bxc6 Rc7 30. Bxd4+ Kh6 31. Bd5 Rxc2
32. a4 Bb4 33. Be3+ Kg7 34. Bc4 Bc3 35. g3 Kf6 36. Kg2 g5 37. h4 gxh4 38.
gxh4 Ke5 39. Bb6 Ke4 40. a5 f4 41. a6 f3+ 42. Kg3 h5 43. Bf7 Be5+ 44. Kh3
Ra2 45. Bg6+ Kd5 46. a7 Bd4 47. Bxd4 Kxd4 48. Bxh5 Rxa7 49. Bxf3 Ra3 50. Bg4
Rxb3+ 51. f3 Ke5 52. h5 Kf4 53. Kh4 Rb6 54. Kh3 Kg5 55. Kg3 Rf6 56. Kf2 Kf4
57. Ke2 Rd6 58. Bc8 Rd5 59. Bg4 Rd8 60. Kf2 Rd2+ 61. Ke1 Ke3 62. Kf1 Ra2 63.
Kg1 Kf4 64. Kf1 Ke3 65. Kg1 Rf2 66. h6 Ra2 67. h7 Ra8 68. Be6 Rh8 69. Bg8
Kxf3 70. Kh2 Kg4 71. Kg2 Kg5 72. Kg3 Kg6 73. Kg4 Rxh7 74. Bxh7+
{Game drawn because neither player has mating material}
1/2-1/2

[Event "ICC tourney 2069 (15 5)"]
[Site "Internet Chess Club"]
[Date "2020.10.18"]
[Round "5"]
[White "MikeVillages57"]
[Black "arjun-venkat"]
[Result "0-1"]
[ICCResult "White resigns"]
[WhiteElo "1279"]
[BlackElo "1341"]
[Opening "Giuoco Piano: Anderssen variation"]
[ECO "C54"]
[NIC "IG.02"]
[Time "16:02:43"]
[TimeControl "900+5"]

1. e4 e5 2. Nf3 Nc6 3. Bc4 Bc5 4. c3 Nf6 5. d4 exd4 6. e5 d5 7. Bb5 Ne4 8.
cxd4 Bb4+ 9. Bd2 Nxd2 10. Nbxd2 Bxd2+ 11. Qxd2 Bd7 12. O-O O-O 13. Bd3 Be6
14. Rac1 h6 15. Bc2 f5 16. exf6 Qxf6 17. a3 Bf5 18. Bb3 Be4 19. Bd1 Qg6 20.
Nh4 Qg5 21. Qxg5 hxg5 22. Nf3 g4 23. Nd2 Bf5 24. Nb3 Rfe8 25. Bc2 Bxc2 26.
Rxc2 Re4 27. Rd1 Rae8 28. g3 Re2 29. Rdd2 Re1+ 30. Kg2 Rb1 31. Re2 Re1 32.
Rxe8+ Rxe8 33. f3 Re3 34. Nc5 Nxd4 35. Rd2 gxf3+ 36. Kf2 Re2+ 37. Rxe2 fxe2
38. Ke1 b6 39. Nd3 c5 40. Kd2 Kf7 41. Ne1 Kf6 42. Ke3 Kf5 43. Kd3 Kg4 44.
Ke3 Kh3 45. Kf2 Kxh2 46. g4 Kh3 47. g5 Kg4 48. g6 Kg5 49. Ke3 Kxg6 50. Nd3
c4 51. Ne5+ Kf5 52. Nxc4 e1=Q+ {White resigns} 0-1

[Event "ICC tourney 2069 (15 5)"]
[Site "Internet Chess Club"]
[Date "2020.10.18"]
[Round "5"]
[White "JonnyTurgi"]
[Black "steinutz"]
[Result "1-0"]
[ICCResult "Black checkmated"]
[WhiteElo "1939"]
[BlackElo "1759"]
[Opening "King's Indian: orthodox, Aronin-Taimanov, bayonet attack"]
[ECO "E97"]
[NIC "KI.05"]
[Time "16:03:03"]
[TimeControl "900+5"]

1. d4 Nf6 2. c4 d6 3. Nf3 g6 4. Nc3 Bg7 5. e4 O-O 6. Be2 Nc6 7. O-O e5 8. d5
Ne7 9. b4 Nd7 10. a4 f5 11. Ng5 Nf6 12. f3 f4 13. c5 Nh5 14. Ba3 Nf5 15. Ne6
Bxe6 16. dxe6 Ne3 17. Qb3 Kh8 18. Nd5 Qg5 19. Rf2 c6 20. e7 cxd5 21. exf8=Q+
Bxf8 22. exd5 Ng3 23. cxd6 Bxd6 24. b5 Bxa3 25. Rxa3 Rc8 26. Ra1 Rc2 27. Re1
h5 28. hxg3 fxg3 29. Qb4 Nf5 30. Qe4 gxf2+ 31. Kxf2 Nd4 32. d6 Rd2 33. d7
Ne6 34. Rd1 Rxd1 35. Bxd1 Kg7 36. Bb3 Nd8 37. Qd5 Qh4+ 38. Ke2 Qf6 39. Qg8+
Kh6 40. Qe8 e4 41. Qxe4 Qb2+ 42. Bc2 Qg7 43. Qe8 Qf6 44. Bxg6 Qb2+ 45. Kf1
Qa1+ 46. Kf2 Qb2+ 47. Kg3 Qf6 48. Be4 Qg5+ 49. Kf2 Qd2+ 50. Kg1 Qc1+ 51. Kh2
Qf4+ 52. g3 Qd2+ 53. Kh3 Qg5 54. Qh8# {Black checkmated} 1-0

[Event "ICC tourney 2069 (15 5)"]
[Site "Internet Chess Club"]
[Date "2020.10.18"]
[Round "5"]
[White "chessprogidy"]
[Black "blackjack721"]
[Result "1/2-1/2"]
[ICCResult "Game drawn by mutual agreement"]
[WhiteElo "1439"]
[BlackElo "1456"]
[Opening "Queen's bishop game"]
[ECO "D00"]
[NIC "QP.08"]
[Time "16:03:10"]
[TimeControl "900+5"]

1. d4 d5 2. Bf4 Nf6 3. Nf3 Nbd7 4. e3 e6 5. h3 Be7 6. Bd3 Nf8 7. O-O Ng6 8.
Bh2 Bd7 9. Nbd2 Qc8 10. Ne5 Nxe5 11. Bxe5 Bd6 12. Nf3 Ne4 13. c3 f6 14. Bxd6
Nxd6 15. Qc2 f5 16. Ne5 Ke7 17. Qe2 Ne4 18. Rfd1 Be8 19. a4 h5 20. a5 h4 21.
a6 g5 22. Bxe4 dxe4 23. axb7 Qxb7 24. Qd2 c6 25. Qc2 Bh5 26. Re1 Rag8 27.
Qa4 g4 28. Nxc6+ Kf6 29. d5 gxh3 30. Qd4+ Kg6 31. Ne5+ Kh6 32. c4 Rxg2+ 33.
Kh1 Rhg8 34. Rxa7 Qb8 35. Nf7+ Bxf7 36. Qf6+ R8g6 37. Qxh4+ Kg7 38. Rxf7+
Kxf7 39. dxe6+ Kxe6 40. Qxh3 Rxf2 41. Qh7 Qxb2 42. Qxg6+ Ke7 43. Qh7+ Ke6
44. Qg8+ Ke7 45. Qh7+ Kf8 46. Qh6+ Kf7 47. Qh5+ Ke6 48. Qg6+ Ke7 49. Qh7+
Kf8 50. Rd1 Rd2 51. Qh6+ Kf7 52. Qh7+ Kf8 53. Qxf5+ Ke7 54. Qxe4+ Kd7 55.
Qh7+ Kc6 56. Qe4+ Kc7 57. Qf4+ Kc6 58. Qe4+ Kc7 59. Rxd2 Qxd2 60. Qf4+ Kc6
61. Qe4+ Kc7 62. Qe5+ Kc8 63. Qh8+ Kc7 64. Qe5+ Kc8 65. Qc5+ Kb8 66. Qb6+
Kc8 67. Qc6+ Kb8 68. Qe8+ Kc7 69. Qe5+ Kc8 70. Qc5+ Kb8 71. Qe5+ Kc8 72.
Qe8+ Kb7 73. Qe4+ Kc8 74. Qd4 Qe1+ 75. Kg2 Qe2+ 76. Kg3 Qe1+ 77. Kf4 Qf2+
78. Ke4 Qh4+ 79. Kd3 Qh7+ 80. Kc3 Qb1 81. Qc5+ Kd8 82. Qf8+ Kd7 83. Qg7+ Ke8
84. Qd4 Qc1+ 85. Kb4 Qb1+ 86. Kc5 Qa2 87. e4 Qa3+ 88. Kb5 Qb3+ 89. Kc6 Qa4+
90. Kc5 Qa7+ 91. Kd5 Qd7+ {Game drawn by mutual agreement} 1/2-1/2

[Event "ICC tourney 2069 (15 5)"]
[Site "Internet Chess Club"]
[Date "2020.10.18"]
[Round "5"]
[White "alfvelas1"]
[Black "kushood"]
[Result "1-0"]
[ICCResult "Black checkmated"]
[WhiteElo "1394"]
[BlackElo "1382"]
[Opening "French defense"]
[ECO "C11"]
[NIC "FR.05"]
[Time "16:07:26"]
[TimeControl "900+5"]

1. e4 e6 2. d4 d5 3. Nc3 Nf6 4. Bg5 Nbd7 5. Nf3 Be7 6. e5 Ng8 7. Bxe7 Nxe7
8. Be2 O-O 9. O-O Re8 10. Bd3 Ng6 11. g3 f6 12. Re1 fxe5 13. Nxe5 Ndxe5 14.
dxe5 Qg5 15. Nb5 Re7 16. Bxg6 Qxg6 17. Qd3 Qf7 18. b4 b6 19. Nd4 Bb7 20. b5
Rf8 21. Re2 Rd7 22. Rf1 Ba8 23. a4 Bb7 24. Nc6 Bxc6 25. bxc6 Rdd8 26. Qa6
Qe7 27. a5 Qc5 28. axb6 axb6 29. Qb7 Rf7 30. Kg2 Qc4 31. Rfe1 Rdf8 32. f4 g5
33. fxg5 Qd4 34. Qa6 Rf2+ 35. Kh3 Rxe2 36. Rxe2 Qd1 37. Qd3 Qf1+ 38. Kh4 Qg1
39. Qe3 Qa1 40. Kh5 Qf1 41. h4 Rf4 42. gxf4 Qd1 43. Kh6 Qh1 44. h5 Qa1 45.
g6 hxg6 46. Kxg6 Qa8 47. Kg5 Qd8+ 48. Kg4 Qe7 49. Kf3 Qh4 50. Rg2+ Kf7 51.
Rg5 Qh3+ 52. Ke2 Qh2+ 53. Kd3 Qh1 54. Kd2 Qh2+ 55. Kd1 Qh1+ 56. Qg1 Qf3+ 57.
Kc1 Qa3+ 58. Kd2 Qb4+ 59. Kd1 Qb1+ 60. Kd2 Qb4+ 61. c3 Qb2+ 62. Kd3 Qb5+ 63.
Kc2 Qe2+ 64. Kb3 Qb5+ 65. Kc2 Qe2+ 66. Kc1 Qa2 67. Rg7+ Ke8 68. Qg6+ Kd8 69.
Rg8+ Ke7 70. Qe8# {Black checkmated} 1-0

[Event "ICC tourney 2069 (15 5)"]
[Site "Internet Chess Club"]
[Date "2020.10.18"]
[Round "6"]
[White "ashvathk5"]
[Black "zachgurion"]
[Result "1-0"]
[ICCResult "Black resigns"]
[WhiteElo "1402"]
[BlackElo "1119"]
[Opening "Three knights game"]
[ECO "C46"]
[NIC "KP.06"]
[Time "17:02:20"]
[TimeControl "900+5"]

1. e4 e5 2. Nf3 Nc6 3. Nc3 Bc5 4. Bc4 g6 5. O-O Nf6 6. d3 O-O 7. Bh6 Re8 8.
h3 d6 9. Bg5 Be6 10. Nd5 Nxd5 11. Bxd8 Raxd8 12. exd5 Bxd5 13. Bxd5
{Black resigns}
1-0

[Event "ICC tourney 2069 (15 5)"]
[Site "Internet Chess Club"]
[Date "2020.10.18"]
[Round "6"]
[White "chessplayz"]
[Black "shreyanshdaga"]
[Result "1-0"]
[ICCResult "Black checkmated"]
[WhiteElo "1233"]
[BlackElo "357"]
[Opening "Sicilian: closed"]
[ECO "B23"]
[NIC "SI.44"]
[Time "17:02:18"]
[TimeControl "900+5"]

1. e4 c5 2. Nc3 d6 3. Nf3 Nf6 4. Bc4 g6 5. Ng5 Nc6 6. Nxf7 Qd7 7. Nxh8 Bg7
8. Nf7 b6 9. Nd5 Qe6 10. Nc7+ Kd7 11. Nxe6 Ke8 12. Nc7+ Kd7 13. Nxa8 Bb7 14.
Nxb6+ axb6 15. Bb5 Nxe4 16. Qe2 Nf6 17. O-O Ke8 18. Nxd6+ Kd7 19. Nxb7 Kc7
20. Bxc6 Kxc6 21. Qxe7 Nd5 22. Qxg7 Nc7 23. Re1 Kxb7 24. d3 b5 25. Bf4 Kc6
26. Qxc7+ Kd5 27. Re5+ Kd4 28. Qd7# {Black checkmated} 1-0

[Event "ICC tourney 2069 (15 5)"]
[Site "Internet Chess Club"]
[Date "2020.10.18"]
[Round "6"]
[White "PADMINIPODICC"]
[Black "pranavchalla"]
[Result "0-1"]
[ICCResult "White checkmated"]
[WhiteElo "1009"]
[BlackElo "1178"]
[Opening "Queen's Pawn"]
[ECO "A41"]
[NIC "QO.17"]
[Time "17:03:45"]
[TimeControl "900+5"]

1. d4 d6 2. e3 e5 3. Nc3 exd4 4. exd4 Nc6 5. Nf3 Nf6 6. h4 Qe7+ 7. Be2 Bg4
8. Bh6 gxh6 9. Qd3 Nb4 10. Qc4 Nxc2+ 11. Kd1 Nxa1 12. Qb4 c5 13. Qb5+ Bd7
14. dxc5 Bxb5 15. Nxb5 dxc5 16. Bc4 Qd7+ 17. Kc1 Rd8 18. Ne5 Qd2+ 19. Kb1
Qc2+ 20. Kxa1 Rd2 21. Nxf7 Qxb2# {White checkmated} 0-1

[Event "ICC tourney 2069 (15 5)"]
[Site "Internet Chess Club"]
[Date "2020.10.18"]
[Round "6"]
[White "danielbest"]
[Black "agastyap"]
[Result "1-0"]
[ICCResult "Black resigns"]
[WhiteElo "1497"]
[BlackElo "1234"]
[Opening "QGD: exchange, positional line"]
[ECO "D35"]
[NIC "QO.16"]
[Time "17:02:15"]
[TimeControl "900+5"]

1. d4 Nf6 2. c4 e6 3. Nc3 d5 4. cxd5 exd5 5. Bg5 Bb4 6. e3 h6 7. Bh4 g5 8.
Bg3 Ne4 9. Qc2 Nxg3 10. hxg3 Bxc3+ 11. bxc3 Nc6 12. Bd3 Qf6 13. f3 Be6 14.
Ne2 O-O-O 15. Rb1 g4 16. Nf4 gxf3 17. gxf3 Rde8 18. Kf2 Bd7 19. Nxd5 Qe6 20.
e4 f5 21. Nf4 Qe7 22. e5 Qg5 23. Qb3 Na5 24. Qb4 b6 25. Ba6+ Kd8 26. Bb5
Bxb5 27. Qxb5 Reg8 28. Ne6+ {Black resigns} 1-0

[Event "ICC tourney 2069 (15 5)"]
[Site "Internet Chess Club"]
[Date "2020.10.18"]
[Round "6"]
[White "challenger2010"]
[Black "saathvikdasari"]
[Result "1-0"]
[ICCResult "Black resigns"]
[WhiteElo "2126"]
[BlackElo "1369"]
[Opening "French: advance, Paulsen attack"]
[ECO "C02"]
[NIC "FR.03"]
[Time "17:02:19"]
[TimeControl "900+5"]

1. e4 e6 2. d4 d5 3. e5 c5 4. c3 Nc6 5. Nf3 Qb6 6. g3 cxd4 7. cxd4 Nge7 8.
Bh3 h5 9. O-O Ng6 10. Nc3 h4 11. Kg2 hxg3 12. hxg3 Bb4 13. Ne2 Qd8 14. Rh1
Bd7 15. Qd3 Qe7 16. Bg5 Qf8 17. Bg4 Be7 18. Bxe7 Qxe7 19. Bh5 Nf8 20. Bxf7+
Qxf7 21. Rxh8 O-O-O 22. Nf4 Kb8 23. Qa3 Ng6 24. Rxd8+ Nxd8 25. Qd6+
{Black resigns}
1-0

[Event "ICC tourney 2069 (15 5)"]
[Site "Internet Chess Club"]
[Date "2020.10.18"]
[Round "6"]
[White "mahugege"]
[Black "chessrex"]
[Result "0-1"]
[ICCResult "White checkmated"]
[WhiteElo "1386"]
[BlackElo "1978"]
[Opening "Queen's pawn: Charlick (Englund) gambit"]
[ECO "A40"]
[NIC "QO.17"]
[Time "17:02:33"]
[TimeControl "900+5"]

1. d4 e5 2. d5 Bc5 3. c4 f5 4. Nc3 d6 5. e3 Nf6 6. a3 a6 7. b4 Ba7 8. Nf3
O-O 9. Qc2 Qe7 10. Be2 h6 11. O-O e4 12. Nd4 Bxd4 13. exd4 Nbd7 14. c5 g5
15. Bd2 f4 16. Qc1 Kg7 17. h4 Rh8 18. c6 bxc6 19. dxc6 Nf8 20. d5 Ng6 21. h5
Ne5 22. Qc2 Bf5 23. Qc1 Qf7 24. Qd1 Nxd5 25. Be1 Nf6 26. Na4 g4 27. Rc1 f3
28. gxf3 gxf3 29. Bxf3 Nxf3+ 30. Kh1 Qxh5+ 31. Kg2 Qh3# {White checkmated}
0-1

[Event "ICC tourney 2069 (15 5)"]
[Site "Internet Chess Club"]
[Date "2020.10.18"]
[Round "6"]
[White "pauldepstein"]
[Black "Nani123"]
[Result "0-1"]
[ICCResult "White resigns"]
[WhiteElo "1173"]
[BlackElo "1051"]
[Opening "Caro-Kann: Steinitz variation"]
[ECO "B17"]
[NIC "CK.05"]
[Time "17:02:31"]
[TimeControl "900+5"]

1. e4 c6 2. d4 d5 3. Nc3 dxe4 4. Nxe4 Nd7 5. Ng5 h6 6. Ne6 Qb6 7. Bd3 fxe6
8. Qh5+ Kd8 9. Bd2 Ngf6 10. Qf3 Qxb2 11. Qd1 Qxd4 12. Be3 Qd6 13. Nf3 Nd5
14. Bd4 e5 15. Bb2 Qb4+ {White resigns} 0-1

[Event "ICC tourney 2069 (15 5)"]
[Site "Internet Chess Club"]
[Date "2020.10.18"]
[Round "6"]
[White "steinutz"]
[Black "mgelgi"]
[Result "1-0"]
[ICCResult "Black checkmated"]
[WhiteElo "1761"]
[BlackElo "1471"]
[Opening "Levitsky attack (Queen's bishop attack)"]
[ECO "D00"]
[NIC "QP.08"]
[Time "17:03:00"]
[TimeControl "900+5"]

1. d4 d5 2. Bg5 Nf6 3. e3 h6 4. Bxf6 exf6 5. g3 Bd6 6. Bg2 Be6 7. c3 Nc6 8.
Nd2 Qd7 9. Ne2 O-O-O 10. O-O Bg4 11. Re1 h5 12. c4 Bb4 13. cxd5 Ne7 14. a3
Ba5 15. b4 Bb6 16. a4 h4 17. a5 hxg3 18. fxg3 Nxd5 19. axb6 Nxb6 20. Rxa7
Kb8 21. Rxb7+ Kc8 22. Qa1 Bh3 23. Qa7 Bxg2 24. Qb8# {Black checkmated} 1-0

[Event "ICC tourney 2069 (15 5)"]
[Site "Internet Chess Club"]
[Date "2020.10.18"]
[Round "6"]
[White "AlphaTomato"]
[Black "sahti2009"]
[Result "1-0"]
[ICCResult "Black checkmated"]
[WhiteElo "1458"]
[BlackElo "1188"]
[Opening "French: Rubinstein variation"]
[ECO "C10"]
[NIC "FR.07"]
[Time "17:02:29"]
[TimeControl "900+5"]

1. e4 e6 2. d4 d5 3. Nc3 dxe4 4. Nxe4 Nf6 5. Bg5 Be7 6. Nxf6+ gxf6 7. Be3
Bd7 8. Nf3 Bc6 9. Bc4 Nd7 10. Qe2 Bd6 11. Bd2 Qe7 12. O-O O-O-O 13. a4 Rhg8
14. Rfb1 f5 15. b4 Nb6 16. Bd3 Qf6 17. c4 Qg6 18. g3 Qg4 19. Nh4 Bf3 20.
Nxf3 e5 21. c5 Bxc5 22. dxc5 Nd5 23. Nxe5 Qh3 24. Qf3 f6 25. Bxf5+ Kb8 26.
Bxh3 Rdf8 27. Nd7+ Kc8 28. Nxf8+ Kd8 29. Qxd5+ Ke7 30. Qxg8 Kd8 31. Qe6 c6
32. Qd7# {Black checkmated} 1-0

[Event "ICC tourney 2069 (15 5)"]
[Site "Internet Chess Club"]
[Date "2020.10.18"]
[Round "6"]
[White "arjun052412"]
[Black "agangal1"]
[Result "0-1"]
[ICCResult "White checkmated"]
[WhiteElo "1004"]
[BlackElo "1265"]
[Opening "Queen's pawn game, Chigorin variation"]
[ECO "D02"]
[NIC "QP.08"]
[Time "17:02:28"]
[TimeControl "900+5"]

1. d4 d5 2. Nf3 Nc6 3. Bf4 Bf5 4. e3 e6 5. Be2 Bd6 6. Bxd6 Qxd6 7. O-O O-O-O
8. c4 dxc4 9. Bxc4 h5 10. Ne5 Nxe5 11. dxe5 Qxd1 12. Rxd1 Rxd1+ 13. Bf1 Bd3
14. h3 Rxf1+ 15. Kh2 Rxb1 16. Rxb1 Bxb1 17. a4 a5 18. f3 Bc2 19. f4 Bxa4 20.
e4 Nh6 21. g4 hxg4 22. hxg4 Nxg4+ 23. Kg3 Nh6 24. Kh4 Nf5+ 25. Kg5 Rh6 26.
exf5 exf5 27. Kxf5 Rb6 28. Ke4 Rxb2 29. f5 Bc2+ 30. Kf4 a4 31. e6 fxe6 32.
fxe6 Kd8 33. Ke5 Ke7 34. Kd5 c6+ 35. Ke5 Rb5+ 36. Kd4 Kxe6 37. Kc3 a3 38.
Kxc2 a2 39. Kc3 a1=Q+ 40. Kc4 Qa4+ 41. Kc3 Rb3+ 42. Kc2 Qa2+ 43. Kc1 Rb1#
{White checkmated}
0-1

[Event "ICC tourney 2069 (15 5)"]
[Site "Internet Chess Club"]
[Date "2020.10.18"]
[Round "6"]
[White "SatvikSharma"]
[Black "aryarsh1"]
[Result "0-1"]
[ICCResult "White checkmated"]
[WhiteElo "1434"]
[BlackElo "1305"]
[Opening "Giuoco Piano: four knights variation"]
[ECO "C28"]
[NIC "IG.04"]
[Time "17:02:36"]
[TimeControl "900+5"]

1. e4 e5 2. Bc4 Nc6 3. Nc3 Nf6 4. Nf3 Bc5 5. O-O d6 6. h3 O-O 7. d3 h6 8. a3
a5 9. Re1 Kh8 10. Be3 Bxe3 11. Rxe3 Nh7 12. Nd5 f5 13. b4 f4 14. Re1 axb4
15. axb4 Rxa1 16. Qxa1 g5 17. g4 fxg3 18. fxg3 Rxf3 19. Kg2 Qf8 20. Rf1 Rxf1
21. Qxf1 Qxf1+ 22. Kxf1 Be6 23. b5 Nd4 24. Nxc7 Bxc4 25. dxc4 Nxc2 26. Ne6
Ne3+ 27. Ke2 Nxc4 28. h4 gxh4 29. gxh4 Nf6 30. Nf8 Kg7 31. Ne6+ Kf7 32. Nd8+
Ke7 33. Nxb7 Nxe4 34. Kd3 Ned2 35. h5 e4+ 36. Ke2 e3 37. Kd3 Kd7 38. b6 Kc6
39. Nd8+ Kxb6 40. Nf7 Ne5+ 41. Nxe5 dxe5 42. Kxe3 Nc4+ 43. Ke4 Kc5 44. Kf5
Kd5 45. Kg6 Ke6 46. Kxh6 Kf6 47. Kh7 Nd6 48. h6 Nf7 49. Kg8 Nxh6+ 50. Kh7 e4
51. Kxh6 e3 52. Kh5 e2 53. Kg4 e1=Q 54. Kh3 Qg1 55. Kh4 Kf5 56. Kh3 Kf4 57.
Kh4 Qg4# {White checkmated} 0-1

[Event "ICC tourney 2069 (15 5)"]
[Site "Internet Chess Club"]
[Date "2020.10.18"]
[Round "6"]
[White "weakfish"]
[Black "bengernt"]
[Result "1-0"]
[ICCResult "Black resigns"]
[WhiteElo "1534"]
[BlackElo "1337"]
[Opening "Sicilian"]
[ECO "B56"]
[NIC "SI.25"]
[Time "17:02:43"]
[TimeControl "900+5"]

1. e4 c5 2. Nf3 d6 3. d4 cxd4 4. Nxd4 Nc6 5. Nc3 Nf6 6. Bb5 Bd7 7. Bg5 e5 8.
Nb3 Be7 9. Bxf6 Bxf6 10. Qxd6 Nd4 11. Bxd7+ Qxd7 12. Qxd7+ Kxd7 13. Nxd4
exd4 14. Nd5 Be5 15. f4 Bd6 16. O-O-O Rhe8 17. Rxd4 Rac8 18. e5 Bc5 19. Nf6+
Ke6 20. Nxe8 Bxd4 21. Nxg7+ Kd5 22. Nf5 Bc5 23. g3 Ke4 24. Nd6+ Bxd6 25.
exd6 Rd8 26. Rd1 b5 27. c3 Kf5 28. Rd5+ Ke4 29. Rxb5 Rxd6 30. Rb7 Ke3 31.
Rxa7 Rd2 32. Re7+ Kd3 33. Rd7+ {Black resigns} 1-0

[Event "ICC tourney 2069 (15 5)"]
[Site "Internet Chess Club"]
[Date "2020.10.18"]
[Round "6"]
[White "Roger436"]
[Black "temporarydanger"]
[Result "0-1"]
[ICCResult "White resigns"]
[WhiteElo "1639"]
[BlackElo "1177"]
[Opening "Giuoco Piano"]
[ECO "C53"]
[NIC "IG.02"]
[Time "17:02:41"]
[TimeControl "900+5"]

1. e4 e5 2. Nf3 Nc6 3. Bc4 Bc5 4. c3 d6 5. h3 Nf6 6. d3 O-O 7. Nbd2 Be6 8.
O-O Qd7 9. Re1 Bxh3 10. gxh3 Qxh3 11. Nf1 Qg4+ 12. Ng3 Qxg3+ 13. Kh1 Bxf2
14. Rf1 Ng4 15. Bf4 Qxf4 16. Qe2 Qg3 17. Rxf2 Nxf2+ {White resigns} 0-1

[Event "ICC tourney 2069 (15 5)"]
[Site "Internet Chess Club"]
[Date "2020.10.18"]
[Round "6"]
[White "kushood"]
[Black "betterone76"]
[Result "0-1"]
[ICCResult "White resigns"]
[WhiteElo "1378"]
[BlackElo "1800"]
[Opening "King's Indian defense, 3.Nc3"]
[ECO "E61"]
[NIC "KI.80"]
[Time "17:02:38"]
[TimeControl "900+5"]

1. d4 Nf6 2. c4 g6 3. Nc3 Bg7 4. Nf3 O-O 5. e3 d6 6. Bd3 Nbd7 7. O-O e5 8.
dxe5 Nxe5 9. Re1 Bg4 10. Be2 Bxf3 11. Bxf3 Nxc4 12. Qc2 d5 13. Rd1 c6 14. b3
Nd6 15. Bb2 Re8 16. Rac1 Nfe4 17. Bxe4 Nxe4 18. Nxe4 Bxb2 19. Qxb2 Rxe4 20.
Qc2 Qe7 21. Rd2 Rd8 22. Rd4 f5 23. Rxe4 Qxe4 24. Qxe4 dxe4 25. h3 Rd2 26.
Rc5 Rxa2 27. Re5 Kf7 28. Rc5 Rb2 {White resigns} 0-1

[Event "ICC tourney 2069 (15 5)"]
[Site "Internet Chess Club"]
[Date "2020.10.18"]
[Round "6"]
[White "hackerguru"]
[Black "Omk"]
[Result "0-1"]
[ICCResult "White checkmated"]
[WhiteElo "1749"]
[BlackElo "1651"]
[Opening "English: symmetrical variation"]
[ECO "A33"]
[NIC "QP.10"]
[Time "17:04:28"]
[TimeControl "900+5"]

1. Nf3 c5 2. c4 Nf6 3. Nc3 Nc6 4. d4 cxd4 5. Nxd4 e6 6. a3 Be7 7. g3 Qb6 8.
Ndb5 Ne5 9. Bf4 Nfg4 10. e3 a6 11. h3 axb5 12. hxg4 Nxc4 13. Qb3 Qc6 14. Rg1
Ra5 15. a4 d5 16. Nxb5 e5 17. Qc3 exf4 18. Bxc4 Qxc4 19. Qxa5 Bb4+ 20. Kd1
Bxa5 21. Nd6+ Ke7 22. Nxc4 Bxg4+ 23. Kc2 dxc4 24. exf4 Rd8 25. Ra3 Bf5+ 26.
Kc1 Bd2+ 27. Kd1 Bb4+ 28. Ke2 Rd2+ 29. Ke3 Rxb2 30. Raa1 Bc5+ 31. Kf3 Rxf2#
{White checkmated}
0-1

[Event "ICC tourney 2069 (15 5)"]
[Site "Internet Chess Club"]
[Date "2020.10.18"]
[Round "6"]
[White "blackjack721"]
[Black "Ritvik08"]
[Result "1-0"]
[ICCResult "Black resigns"]
[WhiteElo "1458"]
[BlackElo "1082"]
[Opening "Petrov's defense"]
[ECO "C42"]
[NIC "RG.03"]
[Time "17:02:22"]
[TimeControl "900+5"]

1. e4 e5 2. Nf3 Nf6 3. Nxe5 Nc6 4. Nxc6 dxc6 5. Nc3 Bc5 6. d3 Ng4 7. Be3
Bxe3 8. fxe3 Nxe3 9. Qd2 Nxf1 10. Rxf1 Qh4+ 11. g3 Qe7 12. O-O-O O-O 13. Rf4
h6 14. Rdf1 Be6 15. d4 g5 16. Rf6 Kg7 17. h4 Qxf6 18. Rxf6 Kxf6 19. e5+ Kg6
20. Ne4 Bf5 21. Nf6 Rad8 22. h5+ Kg7 23. g4 Be6 24. b3 c5 25. d5 b5 26. Qd3
Rh8 27. Qxb5 Bxd5 28. Qxc5 c6 29. c4 Bf3 30. Kb2 Rd2+ 31. Ka3 Ra8 32. Qe3
Re2 33. Qxf3 Rxe5 34. Ne4 Rf8 35. Qf6+ {Black resigns} 1-0